Map: King's Cove LE

Players

Throwfordays - Winner!

  • Race: Zerg Zerg
  • League: Silver
  • Spawn Location: 11:00

irvin

  • Race: Terran Terran
  • Spawn Location: 5:00

VOD

Have the link to the VOD?

Description

Time

  • Played on: March 20, 2019, 9:59 p.m.
  • Length: 5:07
Show
View Real Time Build Order
Export as new Build Order

Throwfordays Zerg - Winner!

Build Orders: Hatch First 

Get SALT Encoding   

  12  0:05  Drone  
  13  0:09  Drone  
  14  0:36  Hatchery  
  14  0:39  Drone  
  14  0:58  Spawning Pool  
  14  0:59  Drone  
  14  1:07  Overlord  
  14  1:13  Extractor  
  14  1:14  Drone  
  14  1:26  Drone x2  
  16  1:36  Drone  
  17  1:48  Drone  
  17  1:50  Queen  
  17  1:52  Queen  
  22  1:59  Zergling x4  
  24  2:05  Zergling x2  
  25  2:09  Drone x2  
  27  2:16  Drone  
  27  2:22  Overlord  
  28  2:33  Overlord  
  28  2:54  Drone  
  28  2:55  Drone  
  28  2:58  Drone x3  
  32  3:00  Drone x2  
  32  3:01  Drone  
  36  3:06  Zergling x8  
  36  3:12  Metabolic Boost  
  40  3:16  Extractor, Drone  
  38  3:43  Zergling x8  
  38  3:45  Zergling x2  
  38  3:46  Overlord  
  38  3:47  Overlord x3  
  42  3:56  Drone  
  42  3:59  Drone  
  44  4:06  Evolution Chamber  
  43  4:10  Drone x2  
  45  4:17  Drone x2  
  45  4:23  Drone  
  48  4:27  Drone x3  
Show
View Real Time Build Order
Export as new Build Order

irvin Terran 

Build Orders:  

Get SALT Encoding   

  12  0:10  SCV  
  13  0:22  SCV  
  14  0:30  Supply Depot  
  14  0:38  Supply Depot  
  14  0:51  SCV  
  15  1:04  SCV  
  16  1:07  Barracks  
  16  1:16  SCV  
  17  1:20  Engineering Bay  
  17  1:28  SCV  
  18  1:40  SCV  
  19  1:56  Barracks  
  19  2:03  Marine, Supply Depot  
  20  2:12  SCV  
  20  2:13  Refinery  
  21  2:21  Marine  
  22  2:26  Supply Depot  
  22  2:39  Marine  
  22  2:43  Orbital Command  
  23  2:46  Refinery  
  23  2:56  Marine  
  23  3:14  Marine  
  23  3:17  SCV  
  22  3:28  Factory  
  22  3:29  SCV  
  22  3:31  Marine  
  22  3:32  Marine  
  23  3:42  SCV  
  23  3:49  Marine  
  23  3:50  Marine  
  23  3:54  SCV  
  26  4:06  SCV  
  26  4:07  Marine  
  26  4:08  Marine  
  29  4:23  Supply Depot  
  29  4:24  Marine  
  29  4:26  Factory Tech Lab  
  30  4:38  Starport  
  30  4:42  Marine  
  28  4:46  Marine  
Tags
 
League
Silver
Matchup
TvZ
Replay Pack
Multiplayer
Spawn Locations
Cross Positions
Add a new tag
Caveats
  • Supply blocks, unpowered buildings, or Contaminate may cause inaccurate times.
  • Supply counts are checked every 10 seconds.